 Dungeon Crawl Stone Soup version 0.28-a0-533-g9f97627e2a (webtiles) character file.

Game seed: 9819054330933533034

6353 Conn the Arsonist (level 10, -10/63 HPs)
             Began as an Octopode Fire Elementalist on Sept 25, 2021.
             Was a Believer of Sif Muna.
             Mangled by a wyvern (18 damage)
             ... on level 10 of the Dungeon.
             The game lasted 00:32:02 (13835 turns).

Conn the Arsonist (Octopode Fire Elementalist)     Turns: 13835, Time: 00:32:03

Health: -10/63     AC:  1    Str:  7    XL:     10   Next: 96%
Magic:  14/22      EV: 14    Int: 21    God:    Sif Muna [**....]
Gold:   444        SH:  0    Dex: 13    Spells: 7/25 levels left

rFire   + . .      SeeInvis .   v - +1 dagger (speed)
rCold   . . .      Faith    .   (no shield)
rNeg    . . .      Spirit   .   (helmet restricted)
rPois   .          Reflect  .   (no amulet)
rElec   .          Harm     .   e - ring of protection from fire
rCorr   .          Rampage  .   (no ring)
Will    .....                   (no ring)
Stlth   ++++++....              (no ring)
HPRegen 0.20/turn               (no ring)
MPRegen 0.18/turn               (no ring)
                                (no ring)
                                (no ring)

@: about to teleport
A: almost no armour, amphibious, 8 rings, camouflage 1, gelatinous body 1,
nimble swimmer 1, tentacles
a: Renounce Religion, Channel Magic


You were on level 10 of the Dungeon.
You worshipped Sif Muna.
Sif Muna was pleased with you.
You visited 2 branches of the dungeon, and saw 11 of its levels.
You also visited: Sewer.

You collected 444 gold pieces.

Inventory:

Hand Weapons
 c - a +0 dagger
 v - a +1 dagger of speed (weapon)
Missiles
 C - 3 boomerangs of dispersal
 G - a throwing net
Armour
 h - a +0 buckler
Jewellery
 e - a ring of protection from fire (left tentacle)
Wands
 l - a wand of flame (23)
 D - a wand of polymorph (5)
 F - a wand of acid (12)
Scrolls
 b - 4 scrolls of blinking {unknown}
 f - 4 scrolls of teleportation
 i - 8 scrolls of identify {unknown}
 n - 5 scrolls of magic mapping {unknown}
 o - 2 scrolls of enchant weapon {unknown}
 p - 2 scrolls of fear {unknown}
 r - a scroll of summoning {unknown}
 s - a scroll of fog {unknown}
 u - a scroll of amnesia {unknown}
 w - 2 scrolls of vulnerability {unknown}
 x - a scroll of holy word {unknown}
 y - a scroll of noise {unknown}
 A - a scroll of immolation {unknown}
 E - 3 scrolls of torment {unknown}
 I - a scroll of brand weapon {unknown}
Potions
 a - 3 potions of magic {unknown}
 d - 2 potions of degeneration {unknown}
 g - 2 potions of invisibility {unknown}
 j - 2 potions of flight {unknown}
 k - 3 potions of haste {unknown}
 m - 4 potions of brilliance {unknown}
 q - 2 potions of might {unknown}
 t - 2 potions of mutation {unknown}
 z - a potion of curing {unknown}
 B - a potion of heal wounds {unknown}
 H - 2 potions of attraction {unknown}


   Skills:
 + Level 3.6 Fighting
 + Level 2.6 Short Blades
 + Level 3.7 Dodging
 + Level 7.6 Stealth
 + Level 8.2 Spellcasting
 + Level 7.3 Conjurations
 + Level 2.7 Hexes
 + Level 8.8 Fire Magic


You had 7 spell levels left.
You knew the following spells:

 Your Spells              Type           Power      Damage    Failure   Level
a - Foxfire               Conj/Fire      100%       2x1d9     1%          1
b - Conjure Flame         Conj/Fire      42%        6-21      1%          3
c - Inner Flame           Hex/Fire       33%        N/A       2%          3
d - Flame Wave            Conj/Fire      42%        3d8       2%          4
e - Sticky Flame          Conj/Fire      42%        2d6       2%          4
f - Mephitic Cloud        Conj/Pois/Air  18%        N/A       9%          3

Your spell library contained the following spells:

 Spells                   Type           Power      Damage    Failure   Level
 Magic Dart               Conj           100%       1d8       1%          1
 Scorch                   Fire           90%        2d9       1%          2
 Static Discharge         Conj/Air       24%        N/A       2%          2
 Animate Skeleton         Necr           16%        N/A       8%          1
 Apportation              Tloc           16%        N/A       8%          1
 Sting                    Tmut/Pois      32%        1d4       8%          1
 Summon Small Mammal      Summ           32%        N/A       8%          1
 Call Imp                 Summ           8%         N/A       12%         2
 Poisonous Vapours        Pois/Air       16%        N/A       12%         2
 Portal Projectile        Hex/Tloc       28%        N/A       13%         3
 Dispel Undead            Necr           8%         3d8       61%         4
 Olgreb's Toxic Radiance  Pois           8%         N/A       61%         4
 Blade Hands              Tmut           4%         N/A       91%         5
 Excruciating Wounds      Necr           4%         N/A       91%         5
 Conjure Ball Lightning   Conj/Air       12%        3x3d6     95%         6
 Discord                  Hex            10%        N/A       100%        8
 Disjunction              Tloc           4%         N/A       100%        8


Dungeon Overview and Level Annotations

Branches:
Dungeon (10/15)            Temple (1/1) D:5           Sewer (visited)
   Lair: D:8-11         Orc: D:9-12

Altars:
Ashenzari
Cheibriados
Dithmenos
Elyvilon
Fedhas
Gozag
Hepliaklqana
Kikubaaqudgha
Makhleb
Nemelex Xobeh
Okawaru
Qazlal
Ru
Sif Muna
Trog
Uskayaw
Vehumet
Wu Jian
Xom
Yredelemnul
Zin
The Shining One

Shops:
D:7 :

Annotations:
D:6 Blork the orc


Innate Abilities, Weirdness & Mutations

You cannot wear most types of armour.
You are amphibious.
You can wear up to eight rings at the same time.
Your skin changes colour to match your surroundings (Stealth+).
Your rubbery body absorbs attacks. (AC +1, EV +1)
You are camouflaged near water. (Stealth+)
You have tentacles for arms and can constrict up to eight enemies at once.


Message History

The centaur wields a +0 shortbow.
The centaur shoots an arrow.
The arrow barely misses you. The arrow barely misses your foxfire.
An electric eel comes into view.
Casting: Foxfire (safe; 1% risk of failure)
Confirm with . or Enter, or press ? or * to list all spells.
You conjure some foxfire!
Your foxfire dissipates!
The foxfire hits the electric eel.
The electric eel is moderately wounded.
The foxfire hits the wyvern but does no damage.
The wyvern is lightly wounded.
The foxfire hits the wyvern.
The wyvern is lightly wounded.
The electric eel is engulfed in a cloud of scalding steam.
The foxfire hits the wyvern.
The wyvern is moderately wounded.
The centaur shoots an arrow.
The arrow hits you!
The howler monkey hoots and howls with incredible vigour!
The electric eel is engulfed in a cloud of scalding steam.
You kill the electric eel!
Sif Muna accepts your kill.
You hear an angry hiss.
You hear two shouts!
You hear a bellow!
You hear an angry hiss.
You hear a bellow! x2
The foxfire hits the wyvern.
The wyvern is heavily wounded.
The centaur shoots an arrow.
The arrow hits you.
The wyvern is engulfed in a cloud of scalding steam.
The centaur shoots an arrow.
The arrow closely misses you.
Okay, then.
Okay, then.
Okay, then.
Okay, then.
Okay, then.
As you read the scroll labelled WUGRATWIAWK, it crumbles to dust.
You feel strangely unstable.
It was a scroll of teleportation.
The wyvern completely misses you. The wyvern bites you!
* * * LOW HITPOINT WARNING * * *
The wyvern bites you!!
You die...

##≈≈ ≈≈### #≈≈≈ ≈≈...
##≈≈# .≈≈...#.≈≈#
...≈..#.≈≈#
≈.§≈..#.†≈#
.§≈.....≈≈# .
§.§.....≈≈## ≈≈.
≈...c.h.≈l@######≈≈≈.
.;)..!.##§≈≈≈≈≈≈≈≈≈#
.≈..... ##≈≈≈≈≈≈≈≈#
≈..(... ##.#.###....
....... #<#.# .
....... #.....#
≈≈###.. ..#.### ≈#
... ##.#..# ..##.#


You could see a wyvern, a centaur and a howler monkey.

Vanquished Creatures
  A cyclops (D:9)
  5 centaur zombies
  A gargoyle (D:9)
  A hornet (D:6)
  A shadow (D:9)
  3 wyverns (D:9)
  Eustachio (D:5)
  A steam dragon (D:7)
  Edmund (D:6)
  2 sky beasts
  An ice beast (D:6)
  2 black bears
  6 orc warriors
  A necrophage (D:5)
  2 ogres
  2 centaurs
  3 kobold brigands
  A phantom (D:4)
  6 bullfrogs
  A gnoll sergeant (D:9)
  3 scorpions (D:7)
  9 wights
  3 electric eels (D:10)
  A howler monkey (D:6)
  2 hounds
  8 orc priests
  A jelly (D:4)
  Crazy Yiuf (D:4)
  3 centaur skeletons
  Jessica (D:2)
  An iguana (D:6)
  11 orc wizards
  A hound zombie (D:5)
  A hound skeleton (D:5)
  A howler monkey zombie (D:7)
  4 gnolls
  14 adders
  3 river rats (Sewer)
  A white imp (D:6)
  An ufetubus (D:4)
  A dart slug (D:1)
  36 orcs
  19 ball pythons
  10 bats
  6 endoplasms
  4 giant cockroaches
  9 goblins
  7 hobgoblins
  10 jackals
  5 quokkas
  5 frilled lizards
  14 kobolds
  30 rats
268 creatures vanquished.

Vanquished Creatures (collateral kills)
  5 foxfires
5 creatures vanquished.

Vanquished Creatures (others)
  880 foxfires
  A fungus (D:10)
  14 plants
895 creatures vanquished.

Grand Total: 1168 creatures vanquished

Notes
Turn   | Place    | Note
-------+----------+-------------------------------------------
     0 | D:1      | Conn the Octopode Fire Elementalist began the quest for the
                  | Orb.
     0 | D:1      | Reached XP level 1. HP: 11/11 MP: 3/3
   215 | D:1      | Reached XP level 2. HP: 8/17 MP: 0/5
   511 | D:1      | Reached XP level 3. HP: 21/21 MP: 2/6
  1267 | D:1      | Found a faded altar of an unknown god.
  1639 | D:2      | Reached XP level 4. HP: 27/27 MP: 3/8
  1851 | D:2      | Noticed Jessica
  1859 | D:2      | Killed Jessica
  2568 | D:3      | Found a glowing drain.
  2583 | Sewer    | Entered a sewer
  2630 | Sewer    | Reached XP level 5. HP: 32/32 MP: 2/10
  3124 | Sewer    | Reached skill level 1 in Fighting
  3124 | Sewer    | Reached XP level 6. HP: 27/38 MP: 4/12
  3659 | D:3      | Reached XP level 7. HP: 43/43 MP: 8/13
  3901 | D:3      | Reached skill level 1 in Short Blades
  4478 | D:4      | Reached skill level 5 in Stealth
  4478 | D:4      | Reached skill level 5 in Fire Magic
  5266 | D:4      | Learned a level 3 spell: Conjure Flame
  5270 | D:4      | Learned a level 3 spell: Inner Flame
  5275 | D:4      | Learned a level 4 spell: Flame Wave
  5422 | D:4      | Found a runed translucent door.
  5423 | D:4      | Noticed Crazy Yiuf
  5437 | D:4      | Killed Crazy Yiuf
  5438 | D:4      | Reached XP level 8. HP: 48/48 MP: 6/15
  5592 | D:5      | Entered Level 5 of the Dungeon
  5732 | D:5      | Found a staircase to the Ecumenical Temple.
  5746 | Temple   | Entered the Ecumenical Temple
  5815 | Temple   | Became a worshipper of Sif Muna the Loreminder
  5834 | D:5      | Found a broken altar of Ashenzari.
  5920 | D:5      | Reached skill level 5 in Spellcasting
  6479 | D:5      | Noticed Eustachio
  6486 | D:5      | Killed Eustachio
  6612 | D:5      | Identified the +1 leather armour of Wedghi {Rampage rElec
                  | MP-9 Dex-4}
  6710 | D:5      | Reached XP level 9. HP: 55/55 MP: 11/17
  7734 | D:6      | Learned a level 4 spell: Sticky Flame
  8024 | D:6      | Noticed Edmund
  8030 | D:6      | Reached skill level 1 in Hexes
  8047 | D:5      | Reached skill level 5 in Conjurations
  8220 | D:6      | Noticed a hornet
  8229 | D:6      | Killed a hornet
  8385 | D:6      | Reached * piety under Sif Muna
  9026 | D:6      | Noticed Blork the orc
  9036 | D:6      | Killed Edmund
  9497 | D:7      | Found Feasaj's Self-Improvement Boutique.
  9712 | D:7      | Reached XP level 10. HP: 57/63 MP: 10/20
 10809 | D:8      | Reached ** piety under Sif Muna
 11988 | D:9      | Noticed a cyclops
 12696 | D:9      | Learned a level 3 spell: Mephitic Cloud
 12714 | D:9      | Noticed a gargoyle
 12725 | D:9      | Killed a gargoyle
 13209 | D:9      | Killed a cyclops
 13806 | D:10     | Entered Level 10 of the Dungeon
 13835 | D:10     | Mangled by a wyvern

Illustrated notes

Levels and vault maps discovered:
D:1:      eino_arrival_cavern_b, layout_loops_cross,
          shapermc_ecumenical_altar_acropolis, kennysheep_boxes
D:2:      layout_basic, chequers_mini_garden, minmay_tromino_i2, uniq_jessica
D:3:      minmay_spotlight, layout_loops_ring, portal_sewer_entry_f
D:4:      layout_basic, uniq_crazy_yiuf_cottage
D:5:      layout_loops_ring, ashenzari_altar_1,
          minmay_temple_entry_gardened_gates, lemuel_flame_loot_1,
          uniq_eustachio
D:6:      layout_layer_cave, minivault_23, uniq_edmund, uniq_blork_the_orc
D:7:      layout_gridville, nicolae_shop_self_help
D:8:      layout_loops_corners
D:9:      layout_small_grid
D:10:     cheibrodos_helix_gallery, layout_rooms, minmay_lair_entry_grove,
          david_orc_4, hive_lemuel
Temple:   grunt_wide_crystal_templ

Skill      XL: |  1  2  3  4  5  6  7  8  9 10 |
---------------+-------------------------------+-----
Stealth        | 3 4 5 6 7 |  7.6
Spellcasting   | 3 4 5 6 8 |  8.2
Fire Magic     | 4 5 6 7 8 |  8.8
Fighting       | 1 2 3 |  3.6
Conjurations   | 2 3 4 6 7 |  7.3
Short Blades   | 1 2 |  2.6
Dodging        | 3 |  3.7
Hexes          | 1 2 |  2.7

Action                   |  1- 3 |  4- 6 |  7- 9 | 10-12 || total
-------------------------+-------+-------+-------+-------++-------
Melee: Unarmed           |     8 |       |       |       ||     8
       Constrict         |     3 |    10 |    19 |     2 ||    34
       Dagger            |     2 |    40 |    82 |    19 ||   143
       Tentacles         |       |     7 |     9 |     6 ||    22
 Cast: Foxfire           |    54 |    73 |   209 |   167 ||   503
       Inner Flame       |       |       |     5 |    18 ||    23
       Flame Wave        |       |       |     6 |     1 ||     7
       Conjure Flame     |       |       |     1 |     5 ||     6
       Sticky Flame      |       |       |     4 |     5 ||     9
  Use: Scroll            |       |       |       |     1 ||     1
 Stab: Sleeping          |       |     5 |    10 |     4 ||    19
       Distracted        |       |       |     1 |       ||     1
Armor: Skin              |     1 |     4 |    10 |     1 ||    16
Dodge: Dodged            |     9 |    28 |    82 |    37 ||   156

Table legend: (Time is in decaauts)
 A = Elapsed time spent in this place.
 B = Non-inter-level travel time spent in this place.
 C = Inter-level travel time spent in this place.
 D = Time resting spent in this place.
 E = Time spent auto-exploring this place.
 F = Levels seen in this place.
 G = Mean time per level.
                   A        B        C        D        E       F      G
               +--------+--------+--------+--------+--------+-----+--------+
         Total |  13800 |  13572 |    228 |   1421 |   9474 |  12 | 1150.0 |
       Dungeon |  13030 |  12815 |    215 |   1421 |   8930 |  10 | 1303.0 |
        Temple |     82 |     69 |     13 |      0 |     42 |   1 |   82.0 |
         Sewer |    687 |    687 |      0 |      0 |    502 |   1 |  687.0 |
               +--------+--------+--------+--------+--------+-----+--------+

Top non-repeatable levels by time:
     D:5: 2130 daAuts
     D:8: 1886 daAuts
     D:7: 1489 daAuts
     D:1: 1472 daAuts
     D:9: 1375 daAuts
     D:6: 1225 daAuts
     D:3: 1199 daAuts
     D:4: 1197 daAuts
     D:2: 1025 daAuts
   Sewer: 687 daAuts
  Temple: 82 daAuts
    D:10: 28 daAuts
